 Dungeon Sprint DCSS version 0.21-a0-352-g5b8f553 (webtiles) character file.

67998 Kidiri the Warrior (level 13, 0/141 HPs)
             Began as a Pale Draconian Berserker on Oct 10, 2017.
             Was a High Priest of Trog.
             Slain by a dire flail of holy wrath (15 damage)
             ... in the Dungeon (Sprint III: "The Ten Rune Challenge").
             The game lasted 00:58:27 (7528 turns).

Kidiri the Warrior (Pale Draconian Berserker)       Turns: 7528, Time: 00:58:27

Health: 0/141      AC: 11    Str: 25    XL:     13   Next: 72%
Magic:  7/7        EV: 23    Int:  2    God:    Trog [*****.]
Gold:   144        SH:  5    Dex: 13    Spells: 12/12 levels left

rFire    + + +     SeeInvis .   a - +5 great mace (antimagic)
rCold    + + .     Gourm    .   (shield currently unavailable)
rNeg     . . .     Faith    .   (armour unavailable)
rPois    .         Spirit   .   B - +1 hat
rElec    .         Reflect  +   l - +1 cloak
rCorr    .         Harm     .   (no gloves)
MR       .....     NoTele   +   (no boots)
Stlth    +.........             K - +5 amulet of reflection
HPRegen  0.33/turn              Q - ring of Henotheism {*Corrode rF+++ rC+ MP+9 Int-4}
MPRegen  0.10/turn              T - ring of Uskayaw's Reproof {rC+ Str+3 Int-3 Dex+3}

@: no status effects
A: breathe steam, unfitting armour, horns 1, talons 2, clumsy 1, fire resistance
1, high mp 1, cold-blooded, AC +8
}: 2/10 runes: decaying, barnacled
a: Breathe Steam, Berserk, Trog's Hand, Brothers in Arms, Burn Spellbooks,
Renounce Religion


You were in the Dungeon.
You worshipped Trog.
Trog was extremely pleased with you.
You were not hungry.

You visited 1 branch You collected 2896 gold pieces.
You spent 2752 gold pieces at shops.

Inventory:

Hand Weapons
 a - a +5 antimagic great mace (weapon)
 L - a +3 blowgun
 U - a +2 dire flail of protection
 X - a +0 vampiric broad axe
 Y - a +2 antimagic dire flail
Missiles
 c - 14 poisoned javelins
 e - 15 steel tomahawks
 f - 7 needles of paralysis
 g - 7 tomahawks of returning
 h - 17 javelins of returning
 o - 8 throwing nets
 u - 39 needles of sleeping
 v - 19 steel javelins
 w - 3 needles of confusion
 x - 8 curare-tipped needles
 y - 3 silver tomahawks
 A - 5 javelins
 F - 6 exploding tomahawks
 G - 9 needles of frenzy
 V - 6 javelins of penetration (quivered)
Armour
 l - a +1 cloak (worn)
 B - a +1 hat (worn)
Jewellery
 k - a +5 ring of strength
 p - an uncursed ring of protection from magic
 K - a +5 amulet of reflection (around neck)
 Q - the ring of Henotheism (left hand) {*Corrode rF+++ rC+ MP+9 Int-4}
   (You found it in the Dungeon)

   [ring of protection from cold]

   It affects your intelligence (-4).
   It renders you almost immune to fire.
   It protects you from cold.
   It affects your magic capacity (+9).
   It may corrode you when you take damage.
 T - the ring of Uskayaw's Reproof (right hand) {rC+ Str+3 Int-3 Dex+3}
   (You bought it in a shop in the Dungeon)

   [ring of protection from cold]

   It affects your strength (+3).
   It affects your intelligence (-3).
   It affects your dexterity (+3).
   It protects you from cold.
Wands
 j - a wand of polymorph (14/24)
 C - a wand of scattershot (5/9)
 W - a wand of acid (12/15)
Scrolls
 d - a scroll of silence {unknown}
 i - 4 scrolls of amnesia {unknown}
 m - 3 scrolls of remove curse
 n - a scroll of torment
 r - a scroll of holy word {unknown}
 P - 2 scrolls of blinking
Potions
 q - a potion of berserk rage
 t - 10 potions of curing
 D - 4 potions of haste
 E - a potion of heal wounds
 H - a potion of cancellation
 I - a potion of lignification
 J - 2 potions of magic
 M - 5 potions of might
 N - 3 potions of mutation
 O - a potion of agility
 R - a potion of resistance
Comestibles
 b - a bread ration
 s - 19 royal jellies
 z - 4 chunks of flesh
 S - a fruit


   Skills:
 * Level 20.7 Fighting
 * Level 19.3 Maces & Flails
 + Level 13.3 Throwing
 * Level 18.0 Dodging


You had 12 spell levels left.
You didn't know any spells.

Dungeon Overview and Level Annotations

Branches:
Dungeon (1/1)

Altars:
Cheibriados
Dithmenos
Elyvilon
Fedhas
Gozag
Hepliaklqana
Kikubaaqudgha
Makhleb
Nemelex Xobeh
Okawaru
Qazlal
Ru
Sif Muna
Trog
Uskayaw
Vehumet
Wu Jian
Xom
Yredelemnul
Zin
The Shining One
Beogh
Jiyva
Lugonu

Shops:
D %(:=[:*?}:(!%=:[?%

Annotations:
D exclusions: 3 doors and 2 more exclusions


Innate Abilities, Weirdness & Mutations

You can breathe blasts of scalding, opaque steam.
Your pale cyan-grey scales are hard. (AC +8)
You cannot fit into any form of body armour.
You are cold-blooded and may be slowed by cold attacks.
You have a pair of small horns on your head.
You have razor-sharp toenails.
You are clumsy. (Dex -2)
Your flesh is heat resistant. (rF+)
You have an increased reservoir of magic. (+10% MP)


Message History

Your tail-slap misses the dire flail of holy wrath.
The dire flail of holy wrath is almost destroyed.
The dire flail of holy wrath hits you.
You hit the dire flail of holy wrath but do no damage.
The dire flail of holy wrath is almost destroyed.
The dire flail of holy wrath hits you!!
* * * LOW HITPOINT WARNING * * *
You barely miss the dire flail of holy wrath.
Your kick misses the dire flail of holy wrath.
Your headbutt misses the dire flail of holy wrath.
The dire flail of holy wrath is almost destroyed.
The dire flail of holy wrath hits you!!
* * * LOW HITPOINT WARNING * * *
Unknown command.
You closely miss the dire flail of holy wrath.
Your kick misses the dire flail of holy wrath.
You headbutt the dire flail of holy wrath, but do no damage.
The dire flail of holy wrath is almost destroyed.
The dire flail of holy wrath hits you!
You die...

,,*,≈≈≈≈≈##+###+##..#,,,,,,*
,,***≈≈###.......+..#,,,,,,*
,,+,*,##.#.#####.####,,,,,,*
#######..'.#)..+.#..#,,,,,,*
......'..#######[+..#,,,,,,*
..########.,,,,#.####,,,,,,*
###§§⌠⌠∩.#..*,,#.#..#,,,,,,*
#§#§§§⌠∩.#.#.*,#.'..#,,,,,,*
§§#.∩§∩∩.#...(,#@#..#,,,,,,*
§§#.§∩§∩.#.(...#(#..+,,,,,,*
§§#.....[#,*,#.'.#..#,,,,,,*
§§###++###,,#..#.#..#,,,,,,*
§.#.8..8.#)....######*****+*
#§#§.....#####************,*
#.§§.....#,*,*,*,*,*,*,*,*,*
..§§.....#+*+*+*+*+*+*+*+*+*
.........#,,,,,,,,,,,,,,,,,*


You could see a dire flail of holy wrath.

Vanquished Creatures
  Rupert (D)
  A deep elf master archer (D)
  Donald (D)
  A deep elf annihilator (D)
  A dire elephant (D)
  2 deep elf demonologists (D)
  A deep elf death mage (D)
  A fire dragon (D)
  A deep elf high priest (D)
  A merfolk javelineer (D)
  2 hydras (D)
  An ice dragon (D)
  A centaur warrior (D)
  2 dancing weapons (D)
  Urug (D)
  A deep elf knight (D)
  A sea snake (D)
  A spriggan druid (D)
  A death drake (D)
  An orange crystal statue (D)
  An ugly thing (D)
  5 deep elf magi (D)
  An orc sorcerer (D)
  An elephant (shapeshifter) (D)
  2 black mambas (D)
  A spiny frog (D)
  A rime drake (D)
  A two-headed ogre (D)
  A komodo dragon (D)
  4 spriggan defenders (D)
  6 blink frogs (D)
  2 orc high priests (D)
  A slime creature (D)
  2 dream sheep (D)
  4 redbacks (D)
  A shadow (D)
  3 wandering mushrooms (D)
  2 spriggans (D)
  A spatial vortex (D)
  A swamp drake (D)
  A necrophage (D)
  A water elemental (D)
  13 killer bees (D)
  An electric eel (D)
  Crazy Yiuf (D)
  5 orc priests (D)
  A jelly (D)
  A wizard (D)
  5 orc wizards (D)
  Jessica (D)
  A necromancer (D)
  2 humans (D)
  A kobold demonologist (D)
  2 swamp drake simulacra (D)
  9 orcs (D)
  3 rats (D)
  2 crawling corpses (D)
  26 plants (D)
140 creatures vanquished.

Vanquished Creatures (collateral kills)
  Polyphemus (D)
  Frances (D)
  Gastronok (D)
  Ilsuiw (D)
  A ghost moth (D)
  A dire elephant (D)
  Erolcha (D)
  An ice dragon (D)
  A dancing weapon (D)
  4 death yaks (D)
  A lindwurm (D)
  A deep elf mage (D)
  2 elephants (D)
  A spiny frog (D)
  A queen bee (D)
  2 tyrant leeches (D)
  A hornet (D)
  2 blink frogs (D)
  A dream sheep (D)
  A redback (D)
  A human (D)
  A hydra simulacrum (D)
  4 two-headed ogres (D)
  19 killer bees (D)
  A plant (D)
52 creatures vanquished.

Vanquished Creatures (others)
  2 draconian scorchers (D)
  A hydra (D)
  6 hellions (D)
  3 yaktaurs (D)
  5 plants (D)
17 creatures vanquished.

Grand Total: 209 creatures vanquished

Notes
Turn   | Place    | Note
-------+----------+-------------------------------------------
     0 | D        | Kidiri the Draconian Berserker began the quest for the Orb.
     0 | D        | Reached XP level 1. HP: 19/19 MP: 1/1
    15 | D        | Noticed Jessica
    17 | D        | Reached ** piety under Trog
    26 | D        | Killed Jessica
    26 | D        | Reached skill level 4 in Fighting
    26 | D        | Reached skill level 1 in Throwing
    26 | D        | Reached XP level 2. HP: 23/28 MP: 2/2
    76 | D        | Killed a six-headed hydra
    95 | D        | Noticed Crazy Yiuf
   107 | D        | Reached skill level 5 in Fighting
   107 | D        | Reached XP level 3. HP: 36/36 MP: 3/3
   110 | D        | Killed Crazy Yiuf
   110 | D        | Reached *** piety under Trog
   110 | D        | Reached skill level 5 in Maces & Flails
   110 | D        | Reached XP level 4. HP: 42/44 MP: 4/4
   113 | D        | Killed a yaktaur
   137 | D        | Killed a hellion
   138 | D        | Killed a hellion
   138 | D        | Killed a hellion
   138 | D        | Killed a hellion
   139 | D        | Killed a hellion
   139 | D        | Killed a hellion
   141 | D        | Gained mutation: Your mind is acute. (Int +2) [potion of mutation]
   141 | D        | Gained mutation: Your mind is very acute. (Int +4) [potion of mutation]
   142 | D        | Lost mutation: Your mind is very acute. (Int +4) [potion of mutation]
   142 | D        | Lost mutation: Your mind is acute. (Int +2) [potion of mutation]
   142 | D        | Gained mutation: You have sharp toenails. [potion of mutation]
   142 | D        | Gained mutation: Your flesh is heat resistant. (rF+) [potion of mutation]
   142 | D        | Gained mutation: You have razor-sharp toenails. [potion of mutation]
   142 | D        | Gained mutation: You have a pair of small horns on your head. [potion of mutation]
   211 | D        | Noticed a water elemental
   214 | D        | Killed a water elemental
   214 | D        | Reached skill level 6 in Fighting
   214 | D        | Reached skill level 5 in Dodging
   245 | D        | Killed a white draconian scorcher
   251 | D        | Found a radiant altar of Vehumet.
   252 | D        | Found a deep blue altar of Sif Muna.
   252 | D        | Found an ancient bone altar of Kikubaaqudgha.
   252 | D        | Noticed a wizard
   253 | D        | Reached **** piety under Trog
   253 | D        | Reached XP level 5. HP: 51/51 MP: 5/5
   255 | D        | Reached skill level 7 in Fighting
   292 | D        | Found a glowing silver altar of Zin.
   293 | D        | Found a glowing golden altar of the Shining One.
   293 | D        | Found a white marble altar of Elyvilon.
   293 | D        | Noticed a deep elf mage
   301 | D        | Killed a deep elf mage
   301 | D        | Reached skill level 8 in Fighting
   301 | D        | Reached XP level 6. HP: 53/62 MP: 6/6
   348 | D        | Found an ornate altar of the Wu Jian Council.
   348 | D        | Found a roughly hewn altar of Beogh.
   348 | D        | Found an iron altar of Okawaru.
   348 | D        | Found a bloodstained altar of Trog.
   348 | D        | Found a hide-covered altar of Uskayaw.
   348 | D        | Noticed a human
   348 | D        | Noticed a human
   354 | D        | Killed a human
   354 | D        | Reached skill level 9 in Fighting
   354 | D        | Reached skill level 5 in Throwing
   354 | D        | Your scales start taking on a pale cyan-grey colour.
   354 | D        | Reached XP level 7. HP: 70/70 MP: 7/7
   357 | D        | Killed a human
   367 | D        | Killed a white draconian scorcher
   415 | D        | Found a basalt altar of Yredelemnul.
   415 | D        | Found a shadowy altar of Dithmenos.
   415 | D        | Found a sacrificial altar of Ru.
   419 | D        | Reached skill level 10 in Fighting
   441 | D        | Noticed a shadow
   445 | D        | Reached ***** piety under Trog
   450 | D        | Killed a shadow
   650 | D        | Found a blossoming altar of Fedhas.
   650 | D        | Found a stormy altar of Qazlal.
   650 | D        | Found a snail-covered altar of Cheibriados.
   650 | D        | Found a burning altar of Makhleb.
   650 | D        | Found a shimmering altar of Xom.
   651 | D        | Found a hazy altar of Hepliaklqana.
   651 | D        | Found an opulent altar of Gozag.
   651 | D        | Found a sparkling altar of Nemelex Xobeh.
   651 | D        | Found a corrupted altar of Lugonu.
   651 | D        | Found a viscous altar of Jiyva.
   651 | D        | Noticed a spatial vortex
   660 | D        | Killed a spatial vortex
   660 | D        | Reached XP level 8. HP: 70/81 MP: 8/8
   714 | D        | Reached skill level 10 in Maces & Flails
   718 | D        | Received a gift from Trog
   718 | D        | Reached skill level 11 in Fighting
   860 | D        | Noticed a two-headed ogre
   865 | D        | Killed a two-headed ogre
   865 | D        | Received a gift from Trog
   901 | D        | Noticed Erolcha
   901 | D        | Noticed a two-headed ogre
   906 | D        | Killed Erolcha
   906 | D        | Reached skill level 12 in Fighting
   906 | D        | Reached skill level 10 in Dodging
   906 | D        | Reached XP level 9. HP: 90/90 MP: 9/9
   908 | D        | Killed a two-headed ogre
   908 | D        | Received a gift from Trog
  1358 | D        | Noticed a queen bee
  1366 | D        | Received a gift from Trog
  1367 | D        | Received a gift from Trog
  1369 | D        | Killed a queen bee
  1369 | D        | Reached skill level 13 in Fighting
  1371 | D        | Received a gift from Trog
  1373 | D        | Received a gift from Trog
  1375 | D        | Received a gift from Trog
  1384 | D        | Reached ****** piety under Trog
  1385 | D        | Received a gift from Trog
  1503 | D        | Noticed a wandering mushroom
  1507 | D        | Noticed a wandering mushroom
  1509 | D        | Noticed a wandering mushroom
  1521 | D        | Reached XP level 10. HP: 102/102 MP: 10/10
  1532 | D        | Received a gift from Trog
  1600 | D        | Noticed a spiny frog
  1600 | D        | Noticed a spiny frog
  1604 | D        | Killed a spiny frog
  1604 | D        | Reached skill level 14 in Fighting
  1606 | D        | Killed a spiny frog
  1956 | D        | Noticed a lindwurm
  1960 | D        | Killed a lindwurm
  1960 | D        | Received a gift from Trog
  2001 | D        | Noticed Urug
  2008 | D        | Killed Urug
  2008 | D        | Received a gift from Trog
  2065 | D        | Received a gift from Trog
  2065 | D        | Reached skill level 15 in Fighting
  2208 | D        | Reached XP level 11. HP: 94/112 MP: 11/11
  2270 | D        | Noticed Rupert
  2278 | D        | Paralysed by Rupert for 5 turns
  2284 | D        | Killed Rupert
  2284 | D        | Reached skill level 16 in Fighting
  2284 | D        | Reached skill level 10 in Throwing
  2394 | D        | Noticed a death yak
  2395 | D        | Noticed a death yak
  2404 | D        | Killed a death yak
  2404 | D        | Received a gift from Trog
  2404 | D        | Reached skill level 15 in Maces & Flails
  2406 | D        | Noticed a death yak
  2406 | D        | Noticed a death yak
  2408 | D        | Killed a death yak
  2411 | D        | Killed a death yak
  2416 | D        | Killed a death yak
  2566 | D        | Noticed an azure jelly
  2566 | D        | Noticed an azure jelly
  2573 | D        | Received a gift from Trog
  2583 | D        | Noticed an azure jelly
  2583 | D        | Noticed an azure jelly
  2668 | D        | Found Jihum's Food Shoppe.
  2668 | D        | Found Jafecu's Antique Weapon Boutique.
  2668 | D        | Noticed an ice dragon
  2671 | D        | Found Atip's Book Emporium.
  2674 | D        | Killed an ice dragon
  2674 | D        | Received a gift from Trog
  2970 | D        | Noticed an ice dragon
  2980 | D        | Killed an ice dragon
  3207 | D        | Got a decaying rune of Zot
  3518 | D        | Noticed a dire elephant
  3518 | D        | Noticed a dire elephant
  3518 | D        | Noticed Gastronok
  3524 | D        | Killed Gastronok
  3524 | D        | Reached skill level 17 in Fighting
  3526 | D        | Killed a dire elephant
  3526 | D        | Received a gift from Trog
  3526 | D        | Reached skill level 15 in Dodging
  3526 | D        | Reached XP level 12. HP: 121/125 MP: 12/12
  3530 | D        | Killed a dire elephant
  3653 | D        | Noticed a six-headed hydra
  3653 | D        | Noticed a four-headed hydra
  3654 | D        | Received a gift from Trog
  3661 | D        | Killed a four-headed hydra
  3664 | D        | Killed a six-headed hydra
  4087 | D        | Found a blossoming altar of Fedhas.
  4098 | D        | Received a gift from Trog
  4098 | D        | Reached skill level 18 in Fighting
  4179 | D        | Noticed Polyphemus
  4187 | D        | Killed Polyphemus
  4315 | D        | Found Kioratem's Jewellery Boutique.
  4316 | D        | Received a gift from Trog
  4316 | D        | Received a gift from Trog
  4330 | D        | Received a gift from Trog
  4339 | D        | Received a gift from Trog
  4342 | D        | Received a gift from Trog
  4450 | D        | Bought a +5 ring of strength for 412 gold pieces
  4450 | D        | Bought a +5 amulet of reflection for 412 gold pieces
  4907 | D        | Noticed Ilsuiw
  4923 | D        | Killed Ilsuiw
  4923 | D        | Received a gift from Trog
  5111 | D        | Found Ulilaami's Antique Armour Emporium.
  5112 | D        | Found Woyvoiwk's Distillery.
  5120 | D        | Found Taez's Book Shoppe.
  5121 | D        | Noticed a merfolk javelineer
  5127 | D        | Killed a merfolk javelineer
  5127 | D        | Received a gift from Trog
  5152 | D        | Bought a potion of curing for 36 gold pieces
  5152 | D        | Bought a potion of cancellation for 96 gold pieces
  5152 | D        | Bought a potion of lignification for 36 gold pieces
  5152 | D        | Bought 2 potions of haste for 240 gold pieces
  5152 | D        | Bought a potion of might for 48 gold pieces
  5152 | D        | Bought a potion of curing for 36 gold pieces
  5152 | D        | Bought a potion of might for 48 gold pieces
  5152 | D        | Bought a potion of curing for 36 gold pieces
  5152 | D        | Bought 2 potions of curing for 72 gold pieces
  5152 | D        | Bought a potion of haste for 120 gold pieces
  5165 | D        | Got a barnacled rune of Zot
  5306 | D        | Received a gift from Trog
  5309 | D        | Received a gift from Trog
  5313 | D        | Received a gift from Trog
  5313 | D        | Received a gift from Trog
  5336 | D        | Noticed a deep elf demonologist
  5443 | D        | Noticed a deep elf annihilator
  5444 | D        | Noticed a deep elf high priest
  5446 | D        | Noticed a deep elf death mage
  5449 | D        | Noticed a deep elf demonologist
  5452 | D        | Killed a deep elf high priest
  5452 | D        | Reached skill level 19 in Fighting
  5453 | D        | Noticed a balrug
  5618 | D        | Received a gift from Trog
  5620 | D        | Noticed a deep elf master archer
  5632 | D        | Killed a deep elf demonologist
  5632 | D        | Received a gift from Trog
  5632 | D        | Reached XP level 13. HP: 81/137 MP: 4/13
  5640 | D        | Killed a deep elf death mage
  5640 | D        | Received a gift from Trog
  5756 | D        | Gained mutation: You are clumsy. (Dex -2) [a neqoxec]
  5767 | D        | Killed a deep elf demonologist
  5768 | D        | Killed a deep elf annihilator
  5865 | D        | Killed a deep elf master archer
  5924 | D        | Noticed Donald
  5924 | D        | Noticed Frances
  5936 | D        | Killed Donald
  5936 | D        | Received a gift from Trog
  5938 | D        | Killed Frances
  5938 | D        | Received a gift from Trog
  5938 | D        | Reached skill level 20 in Fighting
  6211 | D        | Killed a ghost moth
  6460 | D        | Received a gift from Trog
  6496 | D        | Found Cuip's Distillery.
  6496 | D        | Found Cozor's Jewellery Shop.
  6496 | D        | Found Waxyeb's Book Boutique.
  6496 | D        | Found Purph's Food Shoppe.
  6496 | D        | Found Bykiesav's Antique Weapon Boutique.
  6496 | D        | Found Ireskyto's Food Emporium.
  6496 | D        | Found Juos's Gadget Shoppe.
  6496 | D        | Found Vadimp's Magic Scroll Shop.
  6496 | D        | Found Juontei's Magic Scroll Shop.
  6496 | D        | Found Gosofoaze's Antique Armour Emporium.
  6496 | D        | Found Faobuk's Assorted Antiques.
  6496 | D        | Found Baptatej's Book Boutique.
  6515 | D        | Bought a potion of resistance for 100 gold pieces
  6515 | D        | Bought a potion of flight for 30 gold pieces
  6515 | D        | Bought a potion of curing for 30 gold pieces
  6515 | D        | Bought 2 potions of curing for 60 gold pieces
  6515 | D        | Bought a potion of might for 40 gold pieces
  6515 | D        | Bought a potion of agility for 40 gold pieces
  6515 | D        | Bought a potion of curing for 30 gold pieces
  6515 | D        | Bought a potion of heal wounds for 50 gold pieces
  6518 | D        | Bought the ring of Uskayaw's Reproof {rC+ Str+3 Int-3 Dex+3} for 497 gold pieces
  6520 | D        | Bought a scroll of enchant armour for 75 gold pieces
  6547 | D        | Bought a scroll of identify for 22 gold pieces
  6547 | D        | Bought a scroll of fog for 22 gold pieces
  6547 | D        | Bought a scroll of blinking for 82 gold pieces
  6547 | D        | Bought a scroll of blinking for 82 gold pieces
  6696 | D        | Got a dazzling scythe {holy}
  6721 | D        | Identified the Reference Book on Creation
  6730 | D        | Got a bound golden ring
  6787 | D        | Identified the +10 scythe "Jurcheup" {holy, Str+2} (You took it off a deep elf death mage in the Dungeon)
  6800 | D        | Identified the ring of Henotheism {*Corrode rF+++ rC+ MP+9 Int-4} (You found it in the Dungeon)
  6952 | D        | Received a gift from Trog
  7195 | D        | Gained mutation: You have an increased reservoir of magic. (+10% MP) [mutagenic meat]
  7305 | D        | Noticed a fire dragon
  7317 | D        | Killed a fire dragon
  7506 | D        | Received a gift from Trog
  7528 | D        | Slain by a dire flail of holy wrath

Vault maps used:
D:        dungeon_sprint_mu

Skill      XL: |  1  2  3  4  5  6  7  8  9 10 11 12 13 |
---------------+----------------------------------------+-----
Dodging        | 3 4 5 7 9 10 11 13 15 16 18 | 18.0
Fighting       | 4 5 6 8 9 10 12 13 15 17 19 20 | 20.7
Maces & Flails | 4 5 6 8 9 11 12 14 16 17 19 | 19.3
Throwing       | 1 2 3 4 5 6 7 8 9 10 12 13 | 13.3

Action                   |  1- 3 |  4- 6 |  7- 9 | 10-12 | 13-15 || total
-------------------------+-------+-------+-------+-------+-------++-------
Melee: Mace              |    20 |     8 |    24 |       |       ||    52
       Tailslap          |     3 |     1 |     8 |    17 |    24 ||    53
       Unarmed           |     1 |       |       |       |       ||     1
       Kick              |       |     2 |    16 |    60 |    34 ||   112
       Headbutt          |       |     1 |     6 |    32 |    29 ||    68
       Great mace        |       |       |    32 |   149 |   108 ||   289
 Fire: Blowgun           |       |       |       |       |     6 ||     6
Throw: Javelin           |       |       |     4 |    17 |    15 ||    36
       Throwing net      |       |       |       |     1 |       ||     1
       Tomahawk          |       |       |       |    12 |     6 ||    18
Invok: Berserk           |     1 |     3 |     1 |     7 |     1 ||    13
       Burn Spellbooks   |       |     1 |       |       |       ||     1
       Brothers in Arms  |       |     2 |     5 |     7 |     6 ||    20
       Trog's Hand       |       |       |       |     1 |       ||     1
 Abil: Breathe Steam     |       |       |     9 |    24 |     8 ||    41
  Use: Potion            |       |     3 |       |     2 |     4 ||     9
       Scroll            |       |       |     4 |     1 |     3 ||     8
 Stab: Distracted        |       |       |     2 |       |       ||     2
       Sleeping          |       |       |       |     1 |       ||     1
  Eat: Chunk             |       |     1 |     5 |    11 |     7 ||    24
       Royal jelly       |       |       |     2 |     5 |       ||     7
       Fruit             |       |       |       |     6 |       ||     6
       Bread ration      |       |       |       |       |     1 ||     1
Armor: Skin              |     3 |     2 |    12 |    12 |     5 ||    34
Dodge: Dodged            |    13 |     1 |    55 |    98 |    41 ||   208
Block: Other             |       |       |       |     4 |    12 ||    16
       Reflection        |       |       |       |     1 |     2 ||     3
       Rpst.: Great sword |       |       |       |     1 |       ||     1

Table legend:
 A = Spawn XP
 B = Non-spawn XP
 C = Spawn XP percentage of total XP
 D = Spawn monster count
 E = Non-spawn monster count
 F = Spawn count percentage of total count
 G = Total turns spent on level
                    A         B        C        D         E        F      G
               +---------+---------+-------+---------+---------+-------+---------
         Total |       0 |   57140 |   0.0 |       0 |     163 |   0.0 |  7528
               +---------+---------+-------+---------+---------+-------+---------
             D |       0 |   57140 |   0.0 |       0 |     163 |   0.0 |  7528
               +---------+---------+-------+---------+---------+-------+---------
